Map: Catalyst LE

Players

ShoWTimE

  • Race: Protoss Protoss
  • Spawn Location: 5:00

Kelazhur - Winner!

  • Race: Terran Terran
  • Spawn Location: 11:00

Event: WCS Austin 2018

VOD

Have the link to the VOD?

Description

Time

  • Played on: June 1, 2018, 11:30 p.m.
  • Length: 9:03

All games in this series

Show
View Real Time Build Order
Export as new Build Order

ShoWTimE Protoss 

Build Orders: 1 Gate Expand, Blink Stalkers 

Get SALT Encoding   

  12  0:00  Probe  
  13  0:12  Probe  
  14  0:18  Pylon  
  14  0:24  Probe  
  15  0:32  Probe  
  15  0:38  Gateway  
  15  0:40  Probe  
  16  0:46  Assimilator  
  17  0:51  Probe  
  18  1:03  Probe  
  19  1:15  Probe  
  20  1:24  Nexus  
  20  1:34  Cybernetics Core  
  20  1:37  Probe  
  21  1:43  Assimilator  
  21  1:49  Probe  
  21  1:53  Pylon  
  22  2:02  Adept, Probe  
  23  2:11  Warp Gate  
  23  2:14  Probe  
  26  2:20  Stalker, Twilight Council  
  26  2:26  Probe  
  27  2:32  Probe  
  27  2:36  Blink  
  30  2:38  Probe  
  30  2:40  Probe  
  31  2:50  Probe x2  
  34  3:02  Probe  
  34  3:03  Probe  
  34  3:05  Stalker  
  38  3:15  Gateway  
  38  3:18  Gateway  
  38  3:23  Probe  
  38  3:24  Probe  
  40  3:28  Shield Battery  
  40  3:32  Pylon  
  40  3:35  Probe  
  40  3:36  Probe  
  40  3:41  Stalker  
  44  3:49  Robotics Facility  
  44  3:59  Probe  
  32  4:13  Stalker x2  
  32  4:15  Probe  
  27  4:31  Stalker  
  27  4:36  Stalker x2  
  31  4:46  Pylon  
  31  4:49  Probe x2  
  33  4:55  Stalker  
  33  4:59  Stalker  
  37  5:00  Stalker  
  39  5:18  Stalker  
  41  5:22  Stalker  
  41  5:23  Stalker  
  37  5:49  Stalker x2  
  39  5:50  Stalker  
  39  5:51  Probe x2  
  43  5:59  Probe x2  
  43  6:07  Probe x2  
  45  6:14  Stalker  
  45  6:17  Probe x2  
  47  6:23  Stalker  
  51  6:25  Probe x2  
  51  6:27  Adept  
  55  6:33  Probe x2  
  57  6:44  Probe x2  
  57  6:45  Dark Shrine  
  59  6:55  Stalker  
  59  6:58  Pylon  
  61  7:03  Gateway  
  61  7:05  Gateway  
  61  7:06  Pylon  
  61  7:10  Gateway  
  61  7:16  Stalker  
  61  7:17  Stalker  
  61  7:21  Stalker  
  67  7:25  Pylon  
  67  7:32  Probe x2  
  67  7:40  Pylon  
  67  7:41  Pylon  
  61  8:10  Nexus  
  43  8:21  Dark Templar x3  
  43  8:24  Assimilator  
  43  8:25  Probe x2  
  49  8:27  Assimilator  
  49  8:30  Dark Templar  
  51  8:36  Pylon  
  51  8:37  Probe x2  
  53  8:54  Dark Templar  
Show
View Real Time Build Order
Export as new Build Order

Kelazhur Terran - Winner!

Build Orders: Cyclone Opening, Gas First Reaper Expand, Reaper Expand, MMM Bio 

Get SALT Encoding   

  12  0:00  SCV  
  13  0:12  SCV  
  14  0:17  Supply Depot  
  14  0:24  SCV  
  14  0:28  Refinery  
  15  0:38  SCV  
  16  0:44  Barracks  
  16  0:50  SCV  
  17  1:02  SCV  
  18  1:15  SCV  
  19  1:32  Orbital Command, Reaper  
  20  1:44  Command Center  
  20  1:54  Refinery  
  20  2:01  Factory  
  20  2:04  SCV  
  20  2:07  Barracks Reactor  
  21  2:16  SCV  
  21  2:21  Supply Depot  
  22  2:28  SCV  
  23  2:42  SCV  
  24  2:50  Cyclone x2  
  30  2:55  SCV  
  30  2:56  Orbital Command  
  31  3:07  SCV  
  32  3:18  Barracks Tech Lab  
  32  3:19  SCV  
  33  3:22  Hellion, SCV  
  33  3:23  Hellion  
  38  3:31  SCV  
  39  3:35  Supply Depot  
  39  3:36  SCV  
  39  3:38  Marine  
  39  3:39  Stimpack  
  41  3:43  SCV  
  41  3:45  Hellion x2  
  46  3:56  SCV x2  
  48  4:09  Hellion x2, Marine, SCV  
  50  4:10  SCV  
  50  4:11  Barracks  
  51  4:21  SCV  
  51  4:22  SCV  
  48  4:33  SCV  
  48  4:34  Hellion x2, SCV  
  54  4:40  Barracks, Supply Depot  
  54  4:45  Marauder, SCV  
  52  4:47  SCV  
  52  4:49  Bunker  
  50  4:55  Cyclone  
  53  5:02  Cyclone  
  53  5:03  Supply Depot, SCV  
  53  5:04  SCV  
  58  5:07  Barracks Reactor  
  58  5:09  Marauder  
  60  5:15  SCV  
  60  5:16  SCV  
  60  5:18  Engineering Bay  
  62  5:26  Supply Depot  
  62  5:27  SCV  
  63  5:29  Marine x2  
  63  5:32  SCV  
  65  5:40  Cyclone x2  
  65  5:47  Marine x2  
  65  5:48  Marauder, Marine  
  65  5:49  SCV  
  70  5:50  SCV  
  64  6:04  Marine  
  64  6:05  Marine  
  64  6:09  Marauder, SCV  
  64  6:10  SCV  
  64  6:11  Starport  
  68  6:12  Marine  
  68  6:13  Combat Shields  
  68  6:17  Refinery, Terran Infantry Weapons Level 1  
  68  6:18  Refinery  
  69  6:21  Missile Turret  
  69  6:23  Marine  
  69  6:24  Barracks Tech Lab  
  70  6:25  SCV  
  70  6:27  Supply Depot  
  70  6:29  Marine  
  70  6:31  Barracks  
  72  6:32  Barracks  
  72  6:41  Marauder, SCV  
  72  6:42  Concussive Shells  
  72  6:44  Marauder, Marine  
  78  6:48  Marine  
  79  6:54  Medivac x2, Supply Depot  
  79  6:55  Factory Tech Lab  
  79  6:59  Supply Depot  
  83  7:05  Marauder, Marine  
  83  7:08  Supply Depot  
  86  7:14  Missile Turret  
  86  7:15  Marine  
  86  7:16  Marauder  
  86  7:21  Barracks Reactor  
  89  7:23  Marine  
  89  7:24  Factory Reactor  
  89  7:26  Marauder, Medivac  
  94  7:33  Marauder, Marine  
  97  7:37  Marauder  
  97  7:40  Marine  
  97  7:42  Supply Depot  
  100  7:48  Marauder  
  100  7:51  Marine  
  97  7:55  Marauder  
  97  7:56  Marine  
  97  7:58  Marine x2  
  98  8:00  Marine  
  96  8:09  Marine  
  97  8:13  Marine  
  97  8:14  Marine  
  97  8:16  Marauder, Marine x2  
  97  8:18  Marine  
  102  8:22  Widow Mine x2  
  102  8:24  Medivac x2  
  102  8:27  Marine  
  110  8:31  Marine  
  114  8:34  Marauder  
  114  8:38  Marauder  
  116  8:41  Marine x2  
  116  8:47  Supply Depot  
  117  8:53  Missile Turret  
Tags
 
Add a new tag
Caveats
  • Supply blocks, unpowered buildings, or Contaminate may cause inaccurate times.
  • Supply counts are checked every 10 seconds.